 Dungeon Crawl Stone Soup version 0.18.1-48-g4cf74bf (webtiles) character file.

150 Alarkh the Bolt Thrower (level 5, 0/38 HPs)
             Began as a Mummy Hunter on Sept 8, 2016.
             Slain by an adder (3 damage)
             ... on level 2 of the Dungeon.
             The game lasted 00:02:47 (1656 turns).

Alarkh the Bolt Thrower (Mummy Hunter)              Turns: 1656, Time: 00:02:48

Health: 0/38       AC:  3    Str: 15    XL:     5   Next: 10%
Magic:  5/5        EV: 12    Int: 11    God:
Gold:   106        SH:  0    Dex: 13    Spells: 0 memorised, 4 levels left

rFire  x . .     SeeInvis .     b - +0 mace
rCold  + + .     Gourm    .     j - +1 robe {rC+}
rNeg   + + +     Faith    .     (no shield)
rPois  ∞         Spirit   .     (no helmet)
rElec  .         Dismiss  .     (no cloak)
rCorr  .         Reflect  .     (no gloves)
SustAt .         Harm     .     (no boots)
MR     .....                    (no amulet)
Stlth  +.........               (no ring)
                                (no ring)

@: not resistant to hostile enchantments, very unstealthy
A: no food or potions, fire vulnerability, cold resistance 1, negative energy
resistance 3, torment resistance, unbreathing
a: no special abilities


You were on level 2 of the Dungeon.
You were not hungry.

You visited 1 branch of the dungeon, and saw 2 of its levels.

You collected 106 gold pieces.

Inventory:

Hand Weapons
 a - a +1 hand crossbow
 b - a +0 mace (weapon)
 f - a +0 short sword
Missiles
 d - 6 bolts
Armour
 c - a +0 leather armour
 j - a +1 robe of cold resistance (worn)
Scrolls
 e - a scroll of amnesia {unknown}
 g - a scroll of magic mapping {unknown}
 h - a scroll of blinking {unknown}
 i - 2 scrolls of identify {unknown}


   Skills:
 - Level 2.0 Fighting
 + Level 5.3 Crossbows
 - Level 1.5 Dodging
 - Level 0.7 Stealth


You had 4 spell levels left.
You didn't know any spells.

Dungeon Overview and Level Annotations

Branches:
Dungeon (2/15)

Altars:


Innate Abilities, Weirdness & Mutations

You do not eat or drink.
Your flesh is vulnerable to fire.
You are immune to poison.
Your flesh is cold resistant.
You are immune to negative energy.
You are immune to unholy pain and torment.
You can survive without breathing.


Message History

The adder is almost dead.
The adder bites you but does no damage. The adder closely misses you.
You hit the adder but do no damage.
The adder is severely wounded.
The adder bites you.
* * * LOW HITPOINT WARNING * * *
The adder barely misses you.
You closely miss the adder.
The adder is severely wounded.
The adder bites you.
* * * LOW HITPOINT WARNING * * *
The adder bites you but does no damage.
You barely miss the adder.
The adder is severely wounded.
The adder misses you. The adder bites you.
* * * LOW HITPOINT WARNING * * *
You barely miss the adder.
The adder is severely wounded.
The adder bites you.
You die...

..)..).###.............## #..#
.###.......######.###.#.####..#
.# #.#.#....####(....###...÷.%#
.# #.#............###.#.####..#
.....######.####..####(#####..#
###.## #..)................#
#.# ######..####.####...# #.
########S.............## #.
#.......@..............#
#.######.#####......##.# #.#
####.# ######.##.# #.# #....#
#.##.# #.# #.#### #.##.# #.#
#.# #.##.# #.# #.# #[##.# #.#
#.# ### #.##.#
#.###.####.########....#


You could see an adder.

Vanquished Creatures
  Terence (D:2)
  Ijyb (D:2)
  A gnoll (D:1)
  4 adders (D:2)
  A worm (D:2)
  2 dart slugs (D:1)
  2 giant geckos (D:2)
  3 giant cockroaches
  5 goblins
  8 hobgoblins
  A quokka (D:2)
  3 ball pythons
  4 bats
  A giant newt (D:1)
  8 kobolds
  6 rats
51 creatures vanquished.

Notes
Turn   | Place    | Note
--------------------------------------------------------------
     0 | D:1      | Alarkh the Mummy Hunter began the quest for the Orb.
     0 | D:1      | Reached XP level 1. HP: 16/16 MP: 1/1
    79 | D:1      | Reached XP level 2. HP: 22/22 MP: 2/2
   223 | D:1      | Reached skill level 4 in Crossbows
   292 | D:1      | Reached XP level 3. HP: 21/27 MP: 3/3
   721 | D:2      | Noticed Ijyb
   744 | D:2      | Killed Ijyb
   744 | D:2      | Reached XP level 4. HP: 17/33 MP: 4/4
  1219 | D:2      | Reached skill level 5 in Crossbows
  1415 | D:2      | Noticed Terence
  1422 | D:2      | Killed Terence
  1468 | D:2      | Reached XP level 5. HP: 25/38 MP: 5/5
  1656 | D:2      | Slain by an adder

Skill      XL: |  1  2  3  4 |
---------------+-------------+-----
Crossbows      | 4 5 |  5.3
Fighting       | |  2.0
Dodging        | |  1.5
Stealth        | |  0.7

Action                   |  1- 3 |  4- 6 || total
-------------------------+-------+-------++-------
Melee: Mace              |    66 |    81 ||   147
       Short sword       |    10 |       ||    10
 Fire: Hand crossbow     |    19 |    25 ||    44
 Stab: Sleeping          |     1 |       ||     1
Armor: Leather armour    |    24 |    31 ||    55
       Robe              |       |     9 ||     9
Dodge: Dodged            |    52 |   104 ||   156
